 Dungeon Crawl Stone Soup version 0.20.1-1-g8b1a95d (webtiles) character file.

43 theAP the Digger (level 3, -3/19 HPs)
             Began as a Gargoyle Earth Elementalist on Sept 6, 2017.
             Slain by a worm (5 damage)
             ... on level 1 of the Dungeon.
             The game lasted 00:02:53 (940 turns).

theAP the Digger (Gargoyle Earth Elementalist)       Turns: 940, Time: 00:02:54

Health: -3/19      AC:  5    Str: 11    XL:     3   Next: 58%
Magic:  2/7        EV: 12    Int: 16    God:
Gold:   68         SH:  0    Dex: 15    Spells: 4/8 levels left

rFire    . . .     SeeInvis .   (no weapon)
rCold    . . .     Gourm    .   (no shield)
rNeg     + . .     Faith    .   c - +0 robe
rPois    ∞         Spirit   .   (no helmet)
rElec    +         Reflect  .   (no cloak)
rCorr    .         Harm     .   (no gloves)
MR       .....                  (no boots)
Stlth    ++........             (no amulet)
Regen    0.1/turn               l - +5 ring of dexterity
MPRegen  0.1/turn               (no ring)

@: no status effects
A: negative energy resistance 1, electricity resistance, unbreathing,
petrification resistance, rot immunity, AC +3
a: no special abilities


You were on level 1 of the Dungeon.
You were hungry.

You visited 1 branch of the dungeon, and saw 1 of its levels.

You collected 68 gold pieces.

Inventory:

Armour
 c - a +0 robe (worn)
Jewellery
 l - a +5 ring of dexterity (left hand)
Scrolls
 g - a scroll of remove curse {unknown}
 j - 3 scrolls of enchant weapon {unknown}
 k - a scroll of teleportation {unknown}
Potions
 a - a potion of haste {unknown}
 f - a potion of lignification {unknown}
 i - 2 potions of magic {unknown}
 m - a potion of mutation {unknown}
Books
 e - a book of Geomancy

   Spells                             Type                      Level
   a - Sandblast                      Earth                        1
   b - Passwall                       Transmutation/Earth          2
   c - Stone Arrow                    Conjuration/Earth            3
   d - Petrify                        Transmutation/Earth          4
   e - Lee's Rapid Deconstruction     Earth                        5
Comestibles
 d - 2 bread rations
 h - a meat ration


   Skills:
 - Level 1.5 Dodging
 - Level 2.1 Stealth
 + Level 3.0 Spellcasting
   Level 0.7 Transmutations
 + Level 4.4 Earth Magic


You had 4 spell levels left.
You knew the following spells:

 Your Spells              Type           Power        Failure   Level  Hunger
a - Sandblast             Erth           ###...       3%          1    #......
b - Stone Arrow           Conj/Erth      #.....       22%         3    ###....


Dungeon Overview and Level Annotations

Branches:
Dungeon (1/15)

Altars:


Innate Abilities, Weirdness & Mutations

You are resistant to torment.
Your stone body is resilient. (AC +3)
You are immune to poison.
You resist negative energy. (rN+)
You are resistant to electric shocks. (rElec)
You can survive without breathing.
You are immune to petrification.
You are immune to rotting.


Message History

You hit the worm.
The worm is almost dead.
The worm closely misses you.
You barely miss the worm.
The worm is severely wounded.
The worm closely misses you.
You hit the worm but do no damage.
The worm is severely wounded.
You hit the worm but do no damage.
The worm is severely wounded.
The worm barely misses you.
You hit the worm but do no damage.
The worm is severely wounded.
You hit the worm but do no damage.
The worm is severely wounded.
The worm misses you.
You barely miss the worm.
The worm is heavily wounded.
The worm bites you.
You die...

#.# #......# #.#
#..###.############# #.#
#..###.............# #######
#.####..##...........#.####......
#...............>...)+....#......
######...............#.##.#......
#...............#.##..).....
#....######'#####.###.......
##..........@w...#'###...÷...
#.......####.#.............÷.
#.......####.#...............
#............#...............
##...........###...#####.####
#...................#....###
###'##.............(........
#.##.............)#....###
#.##..............#.....##


You could see a worm.

Vanquished Creatures
  A gnoll (D:1)
  2 dart slugs (D:1)
  A leopard gecko (D:1)
  A ball python (D:1)
  4 bats (D:1)
  2 giant cockroaches (D:1)
  3 goblins (D:1)
  4 hobgoblins (D:1)
  2 kobolds (D:1)
  6 rats (D:1)
26 creatures vanquished.

Notes
Turn   | Place    | Note
-------+----------+-------------------------------------------
     0 | D:1      | theAP the Gargoyle Earth Elementalist began the quest for the Orb.
     0 | D:1      | Reached XP level 1. HP: 10/10 MP: 3/3
   206 | D:1      | Reached XP level 2. HP: 15/15 MP: 3/5
   305 | D:1      | Reached skill level 4 in Earth Magic
   413 | D:1      | Reached XP level 3. HP: 17/19 MP: 1/7
   636 | D:1      | Learned a level 3 spell: Stone Arrow
   940 | D:1      | Slain by a worm

Skill      XL: |  1  2  3 |
---------------+----------+-----
Earth Magic    | 4 |  4.4
Spellcasting   | 3 |  3.0
Dodging        | |  1.5
Stealth        | |  2.1
Transmutations | |  0.7

Action                   || total
-------------------------++-------
Melee: Unarmed           ||    32
 Cast: Sandblast         ||    35
       Stone Arrow       ||     5
Armor: Robe              ||     7
Dodge: Dodged            ||    27
